 Dungeon Crawl Stone Soup version 0.31-a0-986-g5e6e4ef867 (webtiles) character file.

Game seed: 17967776577572051745

677988 p00ps00p the Axe Maniac (level 27, -30/273 HPs)
             Began as a Hill Orc Fighter on Nov 3, 2023.
             Was an Elder of the Shining One.
             Annihilated by a very large slime creature (39 damage)
             ... on level 2 of the Pits of Slime.
             The game lasted 03:27:26 (85700 turns).

p00ps00p the Axe Maniac (Hill Orc Fighter)         Turns: 85700, Time: 03:27:27

Health: -30/273    AC: 42    Str: 29    XL:     27
Magic:  0/23       EV: 18    Int:  8    God:    the Shining One [****..]
Gold:   1766       SH: 20    Dex: 16    Spells: 26/26 levels left

rFire   + + +        U - +7 broad axe (spect)
rCold   + + +        V - +2 shield of Resistance {rF++ rC++ Will++}
rNeg    + + .        Q - +9 scales of the Dragon King {rPois rF+ rC+ Will+}
rPois   +            H - +2 hat of the Bear Spirit {Spirit, Bear, *Rage Will++}
rElec   .            W - +4 dragonskin cloak
rCorr   +            T - +0 pair of fencer's gloves {Riposte Dex+3}
SInv    .            x - +2 pair of boots {rampage}
Will    +++++        k - amulet "Didusch Meaca" {Faith Harm Fly} Stlth
                     y - +5 ring of evasion
HPRegen 0.65/turn    h - ring "Nemeutt" {rF+ rC+ rCorr Str-4 Dex+3}
MPRegen 0.18/turn

%: random rage (20%), harm (+30% outgoing, +20% incoming), guardian spirit,
rampage, faith
@: corroded, on berserk cooldown, fragile, flying, glowing, studying Unarmed
Combat, unable to read
A: inability to read after injury 1
}: 3/15 runes: barnacled, silver, gossamer
a: Renounce Religion, Divine Shield, Cleansing Flame


You were on level 2 of the Pits of Slime.
You worshipped the Shining One.
The Shining One was greatly pleased with you.
You visited 13 branches of the dungeon, and saw 55 of its levels.
You visited the Abyss 2 times.
You also visited: Ossuary, Bailey, Gauntlet and Ice Cave.

You collected 37515 gold pieces.
You spent 15386 gold pieces at shops.
You donated 132 gold pieces to Zin.
You paid 20231 gold pieces to Gozag.

Inventory:

Hand Weapons
 C - a +1 hand axe of flaming
 E - a +9 executioner's axe of venom
 M - the +9 broad axe "Geduin" {elec, rElec rPois rC+ rN+}
   (You bought it in a shop on level 2 of the Orcish Mines)

   rC+:       It protects you from cold.
   rElec:     It insulates you from electricity.
   rPois:     It protects you from poison rN+: It protects you from negative
   energy.
 U - a +7 spectral broad axe (weapon)
Armour
 x - a +2 pair of boots of rampaging (worn)
 H - the +2 hat of the Bear Spirit (worn) {Spirit, Bear, *Rage Will++}
   (You found it on level 3 of the Elven Halls)

   Bear:      Going berserk makes the wearer exceptionally tough, and they are
   slowed for a shorter time afterward.
   Will++:    It greatly increases your willpower.
   *Rage:     It berserks you when you make melee attacks (+20% chance).
 Q - the +9 scales of the Dragon King (worn) {rPois rF+ rC+ Will+}
   (You bought it in a shop on level 9 of the Dungeon)

   rF+:       It protects you from fire.
   rC+:       It protects you from cold.
   rPois:     It protects you from poison Will+: It increases your willpower.
 T - the +0 pair of fencer's gloves (worn) {Riposte Dex+3}
   (You bought it in a shop on level 2 of the Shoals)

   Riposte:   It allows the wearer to riposte with melee weapons, swiftly
   retaliating against missed or blocked melee attacks.
   Dex+3:     It affects your dexterity (+3).
 V - the +2 shield of Resistance (worn) {rF++ rC++ Will++}
   (You took it off Donald on level 3 of the Spider Nest)

   rF++:      It greatly protects you from fire.
   rC++:      It greatly protects you from cold.
   Will++:    It greatly increases your willpower.
 W - the +4 dragonskin cloak (worn)
   (You took it off Tiamat on level 1 of the Realm of Zot)

   Avatar's Aegis: It grants the wearer a chance to resist fire, cold, poison,
   electricity, acid, and negative energy.
Jewellery
 h - the ring "Nemeutt" (right hand) {rF+ rC+ rCorr Str-4 Dex+3}
   (You found it on level 1 of the Elven Halls)

   [ring of protection from cold]

   Str-4:     It affects your strength (-4).
   Dex+3:     It affects your dexterity (+3).
   rF+:       It protects you from fire.
   rC+:       It protects you from cold.
   rCorr:     It protects you from acid and corrosion.
 k - the amulet "Didusch Meaca" (around neck) {Faith Harm Fly}
   (You took it off an ironbound convoker on level 5 of the Vaults)

   [amulet of faith]

   Faith:     It allows you to gain divine favour quickly.
   Fly:       It grants you flight.
   Harm:      It increases damage dealt and taken.
 y - a +5 ring of evasion (left hand)
 S - the amulet "Dimej" {Reflect rElec rN+ Will+ Int+4 SH+5}
   (You bought it in a shop on level 12 of the Dungeon)

   [amulet of reflection]

   Reflect:   It reflects blocked missile attacks.
   Int+4:     It affects your intelligence (+4).
   rElec:     It insulates you from electricity.
   rN+:       It protects you from negative energy.
   Will+:     It increases your willpower.
   SH+5:      It affects your SH (+5).
Wands
 e - a wand of paralysis (58) (quivered)
 t - a wand of acid (21)
 z - a wand of digging (6)
 A - a wand of polymorph (38)
 K - a wand of mindburst (34)
 N - a wand of flame (140)
 R - a wand of roots (43)
Scrolls
 b - 4 scrolls of silence
 c - 8 scrolls of poison
 j - 2 scrolls of torment
 l - 8 scrolls of enchant armour
 m - 4 scrolls of blinking
 o - 12 scrolls of immolation
 q - 6 scrolls of revelation
 r - 25 scrolls of teleportation
 u - 12 scrolls of fog
 F - 9 scrolls of fear
 I - 6 scrolls of butterflies
 J - 2 scrolls of amnesia
Potions
 d - 7 potions of might
 f - 15 potions of haste
 i - 6 potions of enlightenment
 n - 32 potions of curing
 p - 6 potions of mutation
 s - 13 potions of invisibility
 v - 10 potions of brilliance
 w - 5 potions of cancellation
 B - 5 potions of ambrosia
 D - 9 potions of magic
 L - 10 potions of lignification
 O - 5 potions of berserk rage
 X - 3 potions of resistance
 Z - 2 potions of heal wounds
Miscellaneous
 a - a phantom mirror
 g - a phial of floods
 G - the horn of Geryon
 P - a box of beasts
 Y - a condenser vane


   Skills:
 O Level 27 Fighting
 O Level 27 Axes
 O Level 27 Armour
 + Level 12.7 Dodging
 + Level 13.6 Stealth
 O Level 27 Shields
 + Level 15.7 Evocations


You had 26 spell levels left.
You didn't know any spells.
Your spell library contained the following spells:

 Spells                   Type           Power      Damage    Failure   Level
 Apportation              Tloc           0%         N/A       94%         1
 Foxfire                  Conj/Fire      0%         2x1d4     94%         1
 Kiss of Death            Conj/Necr      0%         2d5       94%         1
 Magic Dart               Conj           0%         1d3       94%         1
 Necrotise                Necr           0%         1d4       94%         1
 Shock                    Conj/Air       0%         1d3       94%         1
 Summon Small Mammal      Summ           0%         N/A       94%         1
 Blink                    Tloc           0%         N/A       98%         2
 Call Imp                 Summ           0%         N/A       98%         2
 Cigotuvi's Dreadful Rot  Necr/Pois/Air  0%         N/A       98%         2
 Ensorcelled Hibernation  Hex/Ice        0%         N/A       98%         2
 Jinxbite                 Hex            0%         N/A       98%         2
 Lesser Beckoning         Tloc           0%         N/A       98%         2
 Momentum Strike          Conj/Tloc      0%         3d8       98%         2
 Passwall                 Tmut/Erth      0%         N/A       98%         2
 Scorch                   Fire           0%         2d5       98%         2
 Static Discharge         Conj/Air       0%         3-3/arc   98%         2
 Sublimation of Blood     Necr           0%         N/A       98%         2
 Confusing Touch          Hex            0%         N/A       100%        3
 Frozen Ramparts          Ice            0%         1d1       100%        3
 Hailstorm                Conj/Ice       0%         3d3       100%        3
 Ignite Poison            Fire/Tmut/Pois 0%         N/A       100%        3
 Inner Flame              Hex/Fire       0%         N/A       100%        3
 Mephitic Cloud           Conj/Pois/Air  0%         N/A       100%        3
 Stone Arrow              Conj/Erth      0%         3d7       100%        3
 Summon Guardian Golem    Hex/Summ       0%         N/A       100%        3
 Swiftness                Air            0%         N/A       100%        3
 Tukima's Dance           Hex            0%         N/A       100%        3
 Volatile Blastmotes      Fire/Tloc      0%         2d10      100%        3
 Airstrike                Air            0%         2d(0-16)  100%        4
 Anguish                  Hex/Necr       0%         N/A       100%        4
 Animate Armour           Summ/Erth      0%         N/A       100%        4
 Brom's Barrelling Bould  Conj/Erth      0%         2d3       100%        4
 Dimensional Bullseye     Hex/Tloc       0%         N/A       100%        4
 Dispel Undead            Necr           0%         3d6       100%        4
 Flame Wave               Conj/Fire      0%         2d4       100%        4
 Fulminant Prism          Conj/Hex       0%         3d5       100%        4
 Iskenderun's Mystic Bla  Conj/Tloc      0%         2d3       100%        4
 Passage of Golubria      Tloc           0%         N/A       100%        4
 Petrify                  Tmut/Erth      0%         N/A       100%        4
 Sticky Flame             Conj/Fire      0%         2d3       100%        4
 Summon Ice Beast         Ice/Summ       0%         N/A       100%        4
 Summon Lightning Spire   Summ/Air       0%         N/A       100%        4
 Vhi's Electric Charge    Tloc/Air       0%         N/A       100%        4
 Arcjolt                  Conj/Air       0%         1d10      100%        5
 Borgnjor's Vile Clutch   Necr/Erth      0%         N/A       100%        5
 Fireball                 Conj/Fire      0%         3d3       100%        5
 Freezing Cloud           Conj/Ice/Air   0%         6-21      100%        5
 Iskenderun's Battlesphe  Conj           0%         2d6       100%        5
 Metabolic Englaciation   Hex/Ice        0%         N/A       100%        5
 Silence                  Hex/Air        0%         N/A       100%        5
 Summon Forest            Summ/Tloc      0%         N/A       100%        5
 Summon Mana Viper        Hex/Summ       0%         N/A       100%        5
 Yara's Violent Unravell  Hex/Tmut       0%         3d3       100%        5
 Bombard                  Conj/Erth      0%         9d1       100%        6
 Conjure Ball Lightning   Conj/Air       0%         3x3d6     100%        6
 Death Channel            Necr           0%         N/A       100%        6
 Eringya's Noxious Bog    Tmut/Pois      0%         4d6       100%        6
 Plasma Beam              Fire/Air       0%         2x1d10    100%        6
 Simulacrum               Ice/Necr       0%         N/A       100%        6
 Starburst                Conj/Fire      0%         6d3       100%        6
 Summon Cactus Giant      Summ           0%         N/A       100%        6
 Enfeeble                 Hex            0%         N/A       100%        7
 Haunt                    Necr/Summ      0%         N/A       100%        7
 Malign Gateway           Summ/Tloc      0%         N/A       100%        7
 Monstrous Menagerie      Summ           0%         N/A       100%        7
 Orb of Destruction       Conj           0%         9d5       100%        7
 Ozocubu's Refrigeration  Ice            0%         4d7       100%        7
 Summon Hydra             Summ           0%         N/A       100%        7
 Borgnjor's Revivificati  Necr           0%         N/A       100%        8
 Discord                  Hex            0%         N/A       100%        8
 Ignition                 Fire           0%         3d3       100%        8
 Lehudib's Crystal Spear  Conj/Erth      0%         10d2      100%        8
 Maxwell's Capacitive Co  Air            0%         ∞         100%        8
 Chain Lightning          Conj/Air       0%         N/A       100%        9
 Death's Door             Necr           0%         N/A       100%        9
 Fire Storm               Conj/Fire      0%         5d1       100%        9
 Polar Vortex             Ice            0%         N/A       100%        9
 Shatter                  Erth           0%         3d5*      100%        9


Dungeon Overview and Level Annotations

Branches:
Dungeon (15/15)            Temple (1/1) D:6            Lair (5/5) D:10
 Shoals (4/4) Lair:2       Spider (4/4) Lair:3        Slime (3/5) Lair:5
    Orc (2/2) D:11            Elf (3/3) Orc:2        Vaults (5/5) D:14
  Crypt (3/3) Vaults:3       Tomb (0/3) Crypt:3      Depths (4/4) D:15
   Hell (visited)             Dis (0/7) Hell            Geh (0/7) Hell
    Coc (0/7) Hell            Tar (0/7) Hell            Zot (5/5) Depths:4
Ossuary (visited)          Bailey (visited)           IceCv (visited)
Gauntlet (visited)

Altars:
Ashenzari
Cheibriados
Dithmenos
Elyvilon
Fedhas
Gozag
Hepliaklqana
Kikubaaqudgha
Makhleb
Nemelex Xobeh
Okawaru
Qazlal
Ru
Sif Muna
Trog
Uskayaw
Vehumet
Wu Jian
Xom
Yredelemnul
Zin
The Shining One
Beogh
Lugonu

Shops:
D:5 ?   D:9 [   D:12 =   D:15 [**   Orc:2 !(:*   Elf:1 (   Shoals:2 [
Spider:4 :!*   Vaults:4 *[([?(   Vaults:5 *   Zot:5 *   Depths:1 (
Depths:2 :[   Depths:3 !*

Portals:
Hell: Lair:5 Depths:1 Depths:2 Depths:3 Depths:4
Abyss: Depths:1 Depths:2 Depths:3
Pandemonium: Depths:2 Depths:3
Ziggurat: Depths:3


Innate Abilities, Weirdness & Mutations

You occasionally lose the ability to read scrolls when taking damage.


Message History

You kill the acid blob!
You slice the large slime creature!!
Your +7 spectral broad axe hits the large slime creature but does no damage.
Your +7 spectral broad axe hits the slime creature! x2
Your +7 spectral broad axe hits the glass eye!
The large slime creature hits you!!!
* * * LOW HITPOINT WARNING * * *
Two slime creatures merge to form a very large slime creature.
The slime creature barely misses your +7 spectral broad axe.
Okay, then.
You feel much better.
The slime creature hits your +7 spectral broad axe!!
Your spectral weapon shares its damage with you!
* * * LOW HITPOINT WARNING * * *
You block the very large slime creature's attack.
Gozag petitions for your drink to fail.
Your +7 spectral broad axe disappears.
You block the very large slime creature's attack.
The very large slime creature misses you.
You riposte.
You hit the very large slime creature but do no damage.
The very large slime creature is heavily wounded.
You hit the rockslime.
You hit the slime creature but do no damage.
Your +7 spectral broad axe hits the very large slime creature!
Your +7 spectral broad axe hits the rockslime!!!
You block the rockslime's attack. The glass eye gazes at you.
You feel your fragility will last longer.
The slime creature hits you but does no damage.
You feel yourself speed up.
The very large slime creature rages.
The rockslime attacks as it pursues you!
You block the rockslime's attack. The glass eye gazes at you.
You feel your fragility will last longer.
The slime creature attacks as it pursues you!
You block the slime creature's attack.
The very large slime creature hits you!!
You die...

*#..,,,,,**,,,,,,,,,,,
*...,*,,***,*,*,*,*,*,
**..###** *,.*,*,*,*,*
##...## *.#.,,,,,,,,
#...(.####..#,,,,^,,*
##....#.#...#,,,,,,,,,
#............*,,,,,,,*
*#..>.......#,,,<,,,,,
#...@J.##..,*,,,,,,,*
*#...JJ##*,,*,,,,,,,,,
#....G.......#,*,*,*,*
#...........#.*,*,*,*,
##............,,,,,,,,
#.....#.......,,,*****
##....##......,,*****,
*#.....*#.....,**,**,,
*...#.***#....,,,,,,,,


You could see a very large slime creature (berserk, incited), a slime creature,
a rockslime, a glass eye and a friendly +7 spectral broad axe.

Vanquished Creatures
  Tiamat (Zot:1)
  5 dread liches
  5 ancient liches
  10 orbs of fire
  Sojobo (Depths:1)
  Boris (Depths:4)
  Frederick (Vaults:3)
  The ghost of Cuucabuana the Slayer, a veteran MiGl of Okawaru (Elf:3)
  Xtahua (Depths:4)
  4 Killer Klowns
  Geryon (Hell)
  4 curse toes
  7 golden dragons
  Nikola (Vaults:2)
  Norris (Vaults:3)
  Jory (Vaults:2)
  4 bone dragons
  A profane servitor (Abyss:1)
  the Enchantress (Depths:4)
  A hellephant (Abyss:1)
  13 tentacled monstrosities
  3 electric golems
  A walking crystal tome (Depths:4)
  Zenata (Vaults:4)
  4 liches
  24 Orb Guardians (Zot:5)
  2 titans (Vaults:5)
  2 deep elf master archers (Elf:3)
  7 quicksilver dragons
  Asterion (Vaults:2)
  5 acid blobs
  2 deep elf blademasters
  5 sphinxes
  An Executioner (Abyss:1)
  Frances (Elf:1)
  2 krakens
  8 tentacled starspawn (Abyss:1)
  An ancient champion (Crypt:1)
  14 storm dragons
  Kirke (Shoals:2)
  6 death cobs
  13 draconian monks
  6 tengu reavers
  Donald (Spider:3)
  A storm dragon (shapeshifter) (Vaults:5)
  13 shadow dragons
  A revenant (Crypt:1)
  2 rockslimes
  Roxanne (Elf:1)
  8 deep elf sorcerers
  5 draconian knights
  12 frost giants
  Louise (Shoals:4)
  8 fire giants
  5 emperor scorpions
  2 azure jellies (Slime:1)
  2 iron dragons
  A balrug (Depths:1)
  4 deep elf elementalists (Elf:3)
  A draconian shifter (Zot:3)
  8 draconian stormcallers
  A curse skull (Crypt:1)
  7 draconian scorchers
  A caustic shrike zombie (Crypt:1)
  17 vault wardens
  17 ironbound preservers
  2 orc warlords
  5 draconian annihilators
  9 ghost moths
  2 quicksilver oozes
  3 cacodemons (Zot:1)
  3 broodmothers
  The ghost of Fih Fonae the Fetichist, a journeyman KoDe of Trog (Spider:4)
  3 formless jellyfish (Slime:2)
  An angel (Abyss:1)
  A broodmother (shapeshifter) (Vaults:4)
  4 ghouls
  3 spriggan defenders (Depths:4)
  8 war gargoyles
  8 reapers
  11 ironbound thunderhulks
  15 stone giants
  9 black draconians
  10 deep elf demonologists
  A lorocyproca (Depths:3)
  7 dire elephants (Vaults:4)
  5 vampire knights
  47 very ugly things
  12 green draconians
  A minotaur (Gauntlet)
  11 red draconians
  14 white draconians
  A dire elephant (shapeshifter) (Elf:3)
  12 yellow draconians
  12 purple draconians
  10 deep elf annihilators
  11 spark wasps
  3 eidola (Crypt:2)
  8 deep elf death magi
  A quicksilver dragon zombie (Crypt:3)
  5 crystal guardians
  7 ettins
  3 iron golems (Hell)
  13 fire dragons
  12 jiangshi
  A green death (Abyss:1)
  10 merfolk impalers
  4 entropy weavers
  13 yaktaur captains
  A merfolk javelineer (Shoals:3)
  4 rakshasas
  9 deep elf high priests
  29 vault guards
  An entropy weaver (shapeshifter) (D:14)
  5 great orbs of eyes
  A great orb of eyes (shapeshifter) (Vaults:5)
  11 ice dragons
  6 spriggan air magi
  10 ironbound frosthearts
  2 ogre magi (Vaults:5)
  A radroach (shapeshifter) (Vaults:3)
  3 peacekeepers
  An alligator snapping turtle (Shoals:4)
  2 fenstrider witch zombies
  3 jorogumos
  2 merfolk avatars
  9 hydras
  3 catoblepae
  3 merfolk aquamancers
  6 centaur warriors
  14 boulder beetles
  An anaconda (shapeshifter) (Vaults:4)
  4 two-headed ogres (D:14)
  2 death knights
  A satyr (shapeshifter) (Elf:3)
  9 radroaches
  4 satyrs
  34 dancing weapons
  7 demonic crawlers
  10 death yaks
  8 death scarabs (Spider:4)
  10 deep troll earth magi
  2 hell hogs (Depths:1)
  Urug (Orc:1)
  4 occultists
  8 vampire magi
  7 deep troll shamans
  7 tengu warriors
  10 thrashing horrors (Abyss:1)
  5 orc high priests
  9 spriggan berserkers
  4 soul eaters
  6 spriggans
  A titan skeleton (Crypt:3)
  27 deep elf knights
  A storm dragon zombie (Crypt:3)
  10 sun demons
  10 pharaoh ants
  18 hell knights
  8 wretched stars (Abyss:1)
  6 skysharks
  3 sixfirhies
  A fire crab (shapeshifter) (Elf:3)
  7 iron trolls
  A shadow wraith (Abyss:1)
  38 skeletal warriors
  Lodul (D:12)
  A sea snake (shapeshifter) (Elf:3)
  57 deep trolls
  2 golden dragon zombies (Crypt:3)
  15 orb spiders
  2 anaconda zombies
  A bog body (Crypt:1)
  19 ironbound convokers
  18 sea snakes
  A sun moth (Spider:3)
  A glowing orange brain (Depths:3)
  A golden dragon skeleton (Crypt:3)
  An orb spider (shapeshifter) (Vaults:4)
  A shadow demon (Abyss:1)
  3 spectral wolf spiders (Spider:4)
  A spectral jorogumo (Spider:4)
  14 phantasmal warriors
  18 deep elf archers
  13 necromancers
  7 steelbarb worms
  8 orc knights
  A tengu zombie (Crypt:1)
  8 lindwurms
  24 harpies
  9 orc sorcerers
  9 arcanists
  2 shining eyes
  39 deep elf pyromancers
  A salamander (shapeshifter) (Vaults:5)
  An alligator zombie (Hell)
  A mana viper (Abyss:1)
  32 deep elf zephyrmancers
  An oklob plant (Gauntlet)
  25 wolf spiders
  6 cyclopes
  49 ugly things
  A wolf spider (shapeshifter) (Vaults:5)
  10 manticores
  4 worldbinders (Abyss:1)
  A shining eye (shapeshifter) (D:15)
  A jorogumo zombie (Crypt:1)
  3 black mambas
  2 ice statues
  12 merfolk sirens
  A dire elephant zombie (Crypt:1)
  6 elephants (Lair:5)
  23 fauns
  40 moths of wrath
  An eleionoma skeleton (Crypt:2)
  71 slime creatures
  2 apocalypse crabs (Abyss:1)
  3 molten gargoyles (Hell)
  A stone giant skeleton (Abyss:1)
  A guardian serpent (shapeshifter) (Vaults:5)
  3 rust devils
  4 water nymphs (Shoals:4)
  20 vault sentinels
  7 orange demons
  14 smoke demons
  3 centaur skeletons
  3 gargoyles
  14 cane toads
  2 unseen horrors
  A cane toad (shapeshifter) (Elf:3)
  2 minotaur zombies
  4 komodo dragons
  An unseen horror (shapeshifter) (Elf:3)
  10 torpor snails
  2 catoblepas zombies (Crypt:2)
  4 kobold demonologists
  2 spectral redbacks (Spider:4)
  4 hellions (Hell)
  5 freezing wraiths
  5 yaktaurs
  An alligator snapping turtle skeleton (Crypt:3)
  A redback zombie (Spider:4)
  3 rime drakes
  An efreet (Abyss:1)
  A sea snake skeleton (Hell)
  7 tengu conjurers
  4 ice devils
  3 harpy zombies
  8 ancient zymes (Abyss:1)
  9 trolls
  29 merfolk
  A hydra zombie (Abyss:1)
  A silent spectre (Abyss:1)
  3 meliai (Spider:4)
  A red devil (Lair:5)
  16 polar bears
  A mana viper skeleton (Crypt:2)
  3 hellwings
  2 spectral culicivoras (Spider:4)
  29 tarantellas
  3 spectral jumping spiders (Spider:4)
  4 hornets
  4 spectral tarantellas (Spider:4)
  41 raiju (Abyss:1)
  36 blink frogs
  A harpy skeleton (Abyss:1)
  4 dream sheep
  4 hydra skeletons (Hell)
  15 snapping turtles
  6 wind drakes
  4 glass eyes (Depths:3)
  An ice dragon zombie (Crypt:1)
  A jumping spider (shapeshifter) (Abyss:1)
  A centaur simulacrum (D:15)
  3 tarantella zombies (Spider:4)
  5 air elementals
  A slime creature (shapeshifter) (Vaults:5)
  An ice dragon skeleton (Crypt:1)
  27 culicivoras
  53 flying skulls
  38 jumping spiders
  12 large abominations (Abyss:1)
  6 wyverns
  A culicivora (shapeshifter) (D:15)
  A shadow (D:12)
  15 water elementals
  7 wraiths
  5 vampires
  5 fire elementals
  6 ynoxinuls (Abyss:1)
  2 hogs (shapeshifter)
  5 fire bats (Abyss:1)
  60 yaks
  4 hogs
  20 vampire mosquitoes
  6 golden eyes (Slime:1)
  2 basilisks (Lair:1)
  76 redbacks
  Grum (D:7)
  A death yak simulacrum (D:12)
  4 chaos spawn (Abyss:1)
  7 neqoxecs (Abyss:1)
  3 steam dragons
  3 wargs
  A swamp worm (shapeshifter) (Elf:3)
  An acid dragon (Gauntlet)
  20 water moccasins
  11 hell hounds
  2 hydra simulacra (Hell)
  2 ice beasts (D:10)
  31 orc warriors
  6 black bears
  A black bear (shapeshifter) (Elf:3)
  13 ogres
  21 centaurs
  33 wolves
  A centaur (shapeshifter) (Depths:4)
  A dream sheep skeleton (Crypt:1)
  A rime drake zombie (Crypt:1)
  13 starcursed masses (Abyss:1)
  4 phantoms
  24 small abominations (Abyss:1)
  A fire crab zombie (Crypt:2)
  7 necrophages
  4 kobold brigands
  12 bullfrogs
  A scorpion (D:4)
  A two-headed ogre simulacrum (D:12)
  An earth elemental (Elf:3)
  12 wights
  9 killer bees
  3 troll zombies (D:11)
  2 electric eels (D:11)
  2 howler monkeys
  3 crimson imps
  6 quasits (Abyss:1)
  25 orc priests
  3 gnoll boudas
  A jelly (Abyss:1)
  An iguana (D:5)
  A sleepcap (D:4)
  Natasha (thrice) (D:3)
  17 orc wizards
  A polar bear simulacrum (D:12)
  2 hell rats (Lair:2)
  2 spriggan simulacra (D:12)
  2 troll simulacra (D:12)
  5 ogre zombies (D:11)
  A mummy (Ossuary)
  19 gnolls
  A howler monkey skeleton (Crypt:1)
  4 adders
  2 naga simulacra
  6 river rats (Lair:2)
  A swamp drake skeleton (Crypt:2)
  A shadow imp (D:7)
  3 white imps
  13 ufetubi
  4 dart slugs
  83 orcs
  8 endoplasms
  A gnoll zombie (D:11)
  15 hobgoblins
  11 jackals
  25 kobolds
  5 quokkas
  8 ball pythons
  6 bats
  4 frilled lizards
  A giant cockroach (D:1)
  11 gnoll skeletons
  16 goblins
  11 kobold skeletons (Ossuary)
  13 orc skeletons
  16 orc zombies (D:11)
  A quokka skeleton (Crypt:1)
  10 rats
  2 lurking horrors
  9 starspawn tentacles (Abyss:1)
  4 tentacles
2969 creatures vanquished.

Vanquished Creatures (collateral kills)
  A Killer Klown (Zot:5)
  A draconian shifter (Zot:2)
  A white draconian (Zot:2)
3 creatures vanquished.

Vanquished Creatures (others)
  An orb of fire (Zot:5)
  An Orb Guardian (Zot:5)
  A draconian scorcher (Zot:5)
  An ironbound frostheart (Vaults:3)
  A manticore (Shoals:4)
  A yaktaur (Vaults:5)
  A boggart (D:15)
  An ufetubus (Abyss:1)
  2 orcs (D:8)
  2 lurking horrors
  105 spectral weapons
  5 starspawn tentacles (Abyss:1)
  9 tentacles
131 creatures vanquished.

Grand Total: 3103 creatures vanquished

Notes
Turn   | Place    | Note
-------+----------+-------------------------------------------
     0 | D:1      | p00ps00p the Hill Orc Fighter began the quest for the Orb.
     0 | D:1      | Reached XP level 1. HP: 19/19 MP: 1/1
    95 | D:1      | Reached XP level 2. HP: 27/27 MP: 2/2
   634 | D:1      | Reached XP level 3. HP: 29/33 MP: 3/3
  1434 | D:2      | Reached XP level 4. HP: 40/40 MP: 4/4
  1479 | D:2      | Found a faded altar of an unknown god.
  2070 | D:3      | Found a shimmering altar of Xom.
  2070 | D:3      | Found a burning altar of Makhleb.
  2078 | D:3      | Reached XP level 5. HP: 30/47 MP: 5/5
  2320 | D:3      | Found a sparkling altar of Nemelex Xobeh.
  2379 | D:3      | Noticed Natasha
  2399 | D:3      | Killed Natasha
  2428 | D:3      | HP: 1/47 [orc/+0 flail (2)]
  2539 | D:3      | Noticed Natasha
  2658 | D:3      | Killed Natasha
  2659 | D:3      | Reached skill level 5 in Fighting
  2854 | D:3      | Noticed Natasha
  2861 | D:3      | Killed Natasha
  2862 | D:3      | Reached XP level 6. HP: 56/56 MP: 6/6
  3100 | D:4      | Found a sand-covered staircase.
  3109 | Ossuary  | Entered an ossuary
  3109 | Ossuary  | Noticed a wraith
  3109 | Ossuary  | Noticed a wraith
  3109 | Ossuary  | Noticed a wraith
  3121 | Ossuary  | Reached skill level 5 in Axes
  3188 | Ossuary  | Noticed a wraith
  3214 | Ossuary  | Killed a wraith
  3215 | Ossuary  | Reached skill level 5 in Armour
  3215 | Ossuary  | Reached skill level 5 in Shields
  3215 | Ossuary  | Reached XP level 7. HP: 41/62 MP: 7/7
  4760 | D:5      | Entered Level 5 of the Dungeon
  4878 | D:5      | Found Otioli's Magic Scroll Emporium.
  4883 | D:5      | Reached XP level 8. HP: 67/71 MP: 8/8
  5096 | D:5      | Found an ornate altar of the Wu Jian Council.
  5107 | D:5      | Found a hide-covered altar of Uskayaw.
  5552 | D:6      | Found a staircase to the Ecumenical Temple.
  5572 | Temple   | Entered the Ecumenical Temple
  5590 | Temple   | Became a worshipper of Gozag Ym Sagoz the Greedy
  6165 | D:6      | Found a white marble altar of Elyvilon.
  6576 | D:7      | Reached XP level 9. HP: 72/80 MP: 9/9
  6795 | D:7      | Found a glowing golden altar of the Shining One.
  6795 | D:7      | Found an iron altar of Okawaru.
  7062 | D:7      | You are sucked into a shaft and drop 1 floor!
  7249 | D:8      | Noticed Grum
  8184 | D:7      | Killed Grum
 10262 | D:8      | Reached XP level 10. HP: 77/91 MP: 10/10
 10592 | D:5      | Bought a scroll of acquirement for 572 gold pieces
 10593 | D:5      | Acquired a +3 heavy broad axe
 10800 | D:9      | Found a flagged portal.
 10823 | Bailey   | Entered a bailey
 11039 | Bailey   | Reached skill level 10 in Axes
 11150 | Bailey   | Noticed an orc warlord
 11164 | Bailey   | Killed an orc warlord
 11165 | Bailey   | Reached skill level 10 in Fighting
 11418 | Bailey   | Acquired 1092 gold pieces
 11960 | D:9      | Identified the amulet "Nuopecw" {Regen+ Str+4 Dex+2}
 12264 | D:10     | Entered Level 10 of the Dungeon
 12381 | D:10     | Reached XP level 11. HP: 92/101 MP: 11/11
 12491 | D:10     | Noticed a soul eater
 12588 | D:10     | Reached skill level 10 in Shields
 12591 | D:10     | Reached skill level 10 in Armour
 12593 | D:10     | Found a staircase to the Lair.
 12846 | D:10     | Acquired 591 gold pieces
 12891 | D:10     | Found a blossoming altar of Fedhas.
 13077 | D:11     | Found a staircase to the Orcish Mines.
 13234 | D:11     | Noticed a boulder beetle
 13242 | D:11     | Killed a boulder beetle
 13608 | D:11     | Found a runed translucent gate.
 13609 | D:11     | Found a runed translucent gate.
 13609 | D:11     | Noticed a death yak
 13610 | D:11     | Noticed a death yak
 13610 | D:11     | Found a runed translucent gate.
 13610 | D:11     | Noticed a manticore
 13610 | D:11     | Noticed a death yak
 13610 | D:11     | Noticed a red ugly thing
 13611 | D:11     | Noticed a manticore
 13619 | D:11     | Killed a red ugly thing
 13947 | D:11     | Identified the +1 leather armour "Arghowoe" {rPois}
 14159 | D:11     | Reached XP level 12. HP: 112/112 MP: 12/12
 14657 | D:12     | Identified the "Ynageuh"
 14657 | Gauntlet | Identified the of Kaiwn
 14657 | Orc:1    | Entered Level 1 of the Orcish Mines
 14748 | Orc:1    | Found a roughly hewn altar of Beogh.
 14843 | Orc:1    | Noticed an orc high priest
 14846 | Orc:1    | Found a roughly hewn altar of Beogh.
 14851 | Orc:1    | Killed an orc high priest
 15139 | D:9      | Bought the +9 scales of the Dragon King {rPois rF+ rC+
                  | Will+} for 3369 gold pieces
 15139 | D:9      | Found the +9 scales of the Dragon King {rPois rF+ rC+
                  | Will+}
 15214 | D:12     | Noticed a boulder beetle
 15223 | D:12     | Killed a boulder beetle
 15271 | D:12     | Noticed a boulder beetle
 15272 | D:12     | Found a frozen archway.
 15296 | D:12     | Killed a boulder beetle
 15355 | IceCv    | Entered an ice cave
 16202 | IceCv    | Reached XP level 13. HP: 120/122 MP: 13/13
 17182 | D:12     | Noticed Lodul
 17193 | D:12     | Killed Lodul
 17769 | Orc:2    | Entered Level 2 of the Orcish Mines
 17769 | Orc:2    | Noticed Urug
 17783 | Orc:2    | Reached skill level 15 in Axes
 18169 | Orc:1    | Killed Urug
 18446 | Orc:2    | Found a staircase to the Elven Halls.
 18883 | D:12     | Bought the amulet "Dimej" {Reflect rElec rN+ Will+ Int+4
                  | SH+5} for 995 gold pieces
 19722 | Orc:2    | Reached XP level 14. HP: 74/133 MP: 14/14
 20075 | Orc:2    | Found Qegiasit's Assorted Antiques.
 20075 | Orc:2    | Found Cuiq's Distillery.
 20076 | Orc:2    | Found Ledu's Book Emporium.
 20076 | Orc:2    | Found Ecezoen's Weapon Emporium.
 20284 | Orc:2    | Found a roughly hewn altar of Beogh.
 20864 | Lair:1   | Entered Level 1 of the Lair of Beasts
 21142 | Lair:1   | Identified the +1 chain mail of the Sky {Harm Dex+5 Stlth+}
 21185 | Lair:1   | Reached skill level 15 in Fighting
 22214 | Lair:2   | Found a staircase to the Shoals.
 22385 | Lair:2   | Identified the +2 halberd of Fate {vamp, +Blink Str+3
                  | Dex+2}
 23469 | Lair:3   | Found a hole to the Spider Nest.
 25071 | Lair:5   | Entered Level 5 of the Lair of Beasts
 25097 | Lair:5   | Reached XP level 15. HP: 93/143 MP: 15/15
 25316 | Lair:5   | Found a staircase to the Slime Pits.
 25317 | Lair:5   | Found the +15 Maxwell's patent armour {-Cast -Tele rElec
                  | Will+ rCorr}
 25552 | Lair:5   | Reached skill level 15 in Shields
 25558 | Lair:5   | Reached skill level 15 in Armour
 25858 | Lair:5   | Found a burning altar of Makhleb.
 26007 | Lair:5   | Found a gateway to Hell.
 27368 | Lair:5   | Reached skill level 5 in Evocations
 27368 | Lair:5   | Reached XP level 16. HP: 154/154 MP: 16/16
 28118 | D:14     | Found a gate to the Vaults.
 28165 | D:14     | Found a gate leading to a gauntlet.
 28180 | Gauntlet | Entered a Gauntlet
 28180 | Gauntlet | Found a transporter.
 28188 | Gauntlet | Found a transporter.
 28190 | Gauntlet | Found a transporter.
 28201 | Gauntlet | Found a transporter.
 28204 | Gauntlet | Found a transporter.
 28219 | Gauntlet | Found a transporter.
 28233 | Gauntlet | Found a transporter.
 28241 | Gauntlet | Found a transporter.
 28252 | Gauntlet | Found a runed translucent gate.
 28253 | Gauntlet | Found a transporter.
 28253 | Gauntlet | Found a runed translucent gate.
 28254 | Gauntlet | Found a runed translucent gate.
 28267 | Gauntlet | Found a transporter.
 28267 | Gauntlet | Found a transporter.
 28281 | Gauntlet | Found a transporter.
 28292 | Gauntlet | Found a transporter.
 28332 | Gauntlet | Found the +2 Maxwell's thermic engine {flame, freeze, rev}
 28344 | Gauntlet | Found a transporter.
 28518 | Gauntlet | Reached XP level 17. HP: 149/161 MP: 17/17
 28542 | Gauntlet | Identified the -2 pair of gloves "Peah Yte" {Int+3}
 28576 | Gauntlet | Identified the staff of Hospitality {+Blink rElec rPois
                  | SInv Air}
 28876 | D:14     | Found a hide-covered altar of Uskayaw.
 29340 | D:15     | Entered Level 15 of the Dungeon
 29544 | Orc:2    | Bought the +9 broad axe "Geduin" {elec, rElec rPois rC+
                  | rN+} for 1097 gold pieces
 29797 | D:15     | Gained mutation: You are vulnerable to cold. (rC-) [a
                  | shining eye]
 30086 | D:15     | Identified the +0 quarterstaff of the Saviour {flame, Str-3
                  | Dex+8 Stlth+}
 30187 | D:15     | Found Wutsut's Assorted Antiques.
 30214 | D:15     | Bought a potion of curing for 75 gold pieces
 30214 | D:15     | Bought a bronze wand for 100 gold pieces
 30252 | D:15     | Found a staircase to the Depths.
 30870 | Shoals:1 | Entered Level 1 of the Shoals
 31116 | Shoals:1 | Found the +8 arc blade {discharge, rElec}
 32691 | Shoals:2 | Noticed a kraken
 32712 | Shoals:2 | Killed a kraken
 32713 | Shoals:2 | Reached XP level 18. HP: 123/173 MP: 18/18
 32944 | Shoals:2 | Identified the +0 ring mail "Koivi" {rF+ Int+2}
 33188 | Shoals:2 | Noticed Kirke
 33205 | Shoals:2 | Killed Kirke
 34442 | Shoals:4 | Entered Level 4 of the Shoals
 34501 | Shoals:4 | Noticed Louise
 34521 | Shoals:4 | Killed Louise
 35281 | Shoals:4 | Got a barnacled rune of Zot
 35858 | Shoals:2 | Bought the +0 pair of fencer's gloves {Riposte Dex+3} for
                  | 1360 gold pieces
 35858 | Shoals:2 | Found the +0 pair of fencer's gloves {Riposte Dex+3}
 36022 | Shoals:4 | Identified the amulet of Xyuq Yge {Reflect Dex+2 SH+5}
 36563 | Shoals:2 | Bought a pair of runed boots for 255 gold pieces
 36705 | Spider:1 | Entered Level 1 of the Spider Nest
 36922 | Spider:1 | Gained mutation: Armour fits poorly on your strangely
                  | shaped body. [mutagenic glow]
 37022 | Spider:1 | Identified the +0 leather armour of Makhleb's Regard {-Cast
                  | rPois Regen+ Stlth+}
 37131 | Spider:1 | Reached XP level 19. HP: 183/183 MP: 19/19
 38087 | Spider:2 | Found a transporter.
 38173 | Spider:2 | Found a transporter.
 38792 | D:11     | Identified the amulet "Othynuf" {Spirit Harm rElec rC+}
 39045 | Spider:2 | Got the +5 pair of boots "Eduonuze" {Harm rElec}
 39208 | Spider:3 | Paralysed by a jorogumo for 3 turns
 39780 | Spider:3 | Noticed Donald
 39797 | Spider:3 | Killed Donald
 40327 | Spider:4 | Entered Level 4 of the Spider Nest
 40393 | Spider:4 | Reached XP level 20. HP: 183/195 MP: 20/20
 40418 | Spider:4 | Found a runed translucent door.
 40423 | Spider:4 | Noticed Fih Fonae's ghost (journeyman KoDe)
 42089 | Spider:4 | Got a gossamer rune of Zot
 42211 | Spider:4 | Killed Fih Fonae's ghost
 42321 | Spider:4 | Bought a potion of berserk rage for 80 gold pieces
 42321 | Spider:4 | Bought a potion of invisibility for 128 gold pieces
 42321 | Spider:4 | Bought a potion of might for 64 gold pieces
 42321 | Spider:4 | Bought a potion of berserk rage for 80 gold pieces
 42558 | Vaults:4 | Identified the "Jainuargh"
 42558 | Elf:1    | Identified the "Laprefawn"
 42558 | Elf:1    | Entered Level 1 of the Elven Halls
 42643 | Elf:1    | Noticed Frances
 42649 | Elf:1    | Killed Frances
 43033 | Elf:1    | Identified the granite talisman "Erekoxor" {Str+3}
 43033 | Elf:1    | Noticed Roxanne
 43067 | Elf:1    | Killed Roxanne
 43395 | Elf:1    | Found Jawy's Antique Weapon Boutique.
 43595 | Elf:1    | Paralysed by an air elemental for 1 turns
 43767 | Elf:1    | Identified the ring "Nemeutt" {rF+ rC+ rCorr Str-4 Dex+3}
 44104 | Elf:2    | Reached XP level 21. HP: 195/206 MP: 21/21
 44392 | Elf:2    | Paralysed by an air elemental for 1 turns
 44642 | Elf:2    | Found a runed translucent gate.
 44642 | Elf:2    | Found a runed translucent gate.
 44643 | Elf:2    | Found a runed translucent gate.
 45405 | Vaults:1 | Entered Level 1 of the Vaults
 46987 | Vaults:2 | Noticed Nikola
 47011 | Vaults:2 | Killed Nikola
 47425 | Vaults:2 | Noticed Jory
 47446 | Vaults:2 | Killed Jory
 47609 | Vaults:2 | Noticed Asterion
 47616 | Vaults:2 | Killed Asterion
 47655 | Vaults:2 | Identified the +2 quarterstaff "Joummous" {freeze, Drain
                  | rN+ Str+8 Int-4}
 47842 | Vaults:2 | Identified the +6 war axe of the Pharaoh's Fist {holy,
                  | Drain rPois Str+6 Stlth+}
 48129 | Vaults:3 | Reached XP level 22. HP: 217/217 MP: 22/22
 48228 | Vaults:3 | Found a staircase to the Crypt.
 49002 | Vaults:3 | Noticed Norris
 49010 | Vaults:3 | Killed Norris
 49464 | Vaults:3 | Noticed Frederick
 49476 | Vaults:3 | Killed Frederick
 49847 | Vaults:4 | Found Urontar's Weapon Boutique.
 50256 | Vaults:4 | Found Xaegi's Armour Boutique.
 50256 | Vaults:4 | Found Myepifuph's Magic Scroll Boutique.
 50463 | Vaults:4 | Found Boofil's Antique Weapon Boutique.
 50477 | Vaults:4 | Bought a scroll of enchant weapon for 150 gold pieces
 50477 | Vaults:4 | Bought a scroll of brand weapon for 190 gold pieces
 50484 | Vaults:4 | Bought a scroll of teleportation for 60 gold pieces
 50484 | Vaults:4 | Bought a scroll of teleportation for 60 gold pieces
 50484 | Vaults:4 | Bought a scroll of fear for 80 gold pieces
 50484 | Vaults:4 | Bought a scroll of revelation for 150 gold pieces
 50484 | Vaults:4 | Bought a scroll of fear for 80 gold pieces
 51146 | Vaults:4 | Noticed Zenata
 51159 | Vaults:4 | Killed Zenata
 51274 | Vaults:4 | Reached XP level 23. HP: 215/228 MP: 23/23
 51729 | Vaults:4 | Bought a scroll of immolation for 80 gold pieces
 51729 | Vaults:4 | Bought a scroll of poison for 80 gold pieces
 51729 | Vaults:4 | Bought a scroll of butterflies for 80 gold pieces
 51915 | D:15     | Bought a scroll of teleportation for 54 gold pieces
 51915 | D:15     | Bought a scroll of butterflies for 72 gold pieces
 52462 | D:5      | Bought a scroll of blinking for 82 gold pieces
 52462 | D:5      | Bought a scroll of teleportation for 33 gold pieces
 52462 | D:5      | Bought a scroll of blinking for 82 gold pieces
 52462 | D:5      | Bought a scroll of enchant armour for 82 gold pieces
 52462 | D:5      | Bought a scroll of immolation for 44 gold pieces
 52697 | Vaults:5 | Entered Level 5 of the Vaults
 54161 | Vaults:5 | Noticed a golden dragon
 54328 | Vaults:5 | Noticed a dread lich
 54331 | Vaults:5 | Identified the +6 falchion of Courage {elec, rF+ Will+
                  | rCorr}
 54340 | Vaults:5 | Identified the amulet "Didusch Meaca" {Faith Harm Fly}
 54355 | Vaults:5 | Noticed an ancient lich
 54367 | Vaults:5 | Killed an ancient lich
 54521 | Vaults:5 | Noticed a dread lich
 54532 | Vaults:5 | Killed a dread lich
 54809 | Vaults:5 | Killed a dread lich
 54813 | Vaults:5 | Identified the +9 quarterstaff "Ewourev" {spect, rN+ Int+3}
 55189 | Vaults:5 | Got a silver rune of Zot
 55227 | Vaults:5 | Identified the +4 scale mail of the Damp God {rElec rF+}
 56042 | Vaults:5 | Identified the +1 helmet of Okawaru's Approval {Rampage
                  | rElec rF+ Int+2}
 56117 | Vaults:5 | Killed a golden dragon
 56118 | Vaults:5 | Reached XP level 24. HP: 154/240 MP: 23/23
 56676 | Vaults:5 | Identified the +0 helmet "Niterhur" {Rampage Str+3 Dex+2
                  | Slay-3}
 56680 | Vaults:5 | Identified the +4 chain mail of Tomorrow {rF+ Int+5}
 57102 | Vaults:5 | Bought a scroll of acquirement for 2184 gold pieces
 57103 | Vaults:5 | Acquired 420 gold pieces
 57313 | Elf:3    | Identified the "Inahat"
 57313 | Elf:3    | Identified the "Pummeo Arphy"
 57313 | Elf:3    | Identified the "Jelyry"
 57313 | Elf:3    | Entered Level 3 of the Elven Halls
 57699 | Elf:3    | Noticed Cuucabuana's ghost (veteran MiGl)
 57713 | Elf:3    | Found a transporter.
 57716 | Elf:3    | Found the +2 hat of the Bear Spirit {Spirit, Bear, *Rage
                  | Will++}
 57733 | Elf:3    | Found a transporter.
 58900 | Elf:3    | Identified the +8 rapier of Prudence {flame, rPois}
 58900 | Elf:3    | Identified the +0 robe of Amorality {rPois Dex+2}
 58900 | Elf:3    | Identified the ring of the Four Violins {rPois rF++ Str+3}
 59009 | Elf:3    | Identified the ring "Wuoneall" {rPois Str+2}
 59068 | Elf:3    | Identified the ring "Bukhumm" {rN+ Str+3}
 59075 | Elf:3    | Identified the staff of the Tomato {rElec rPois rN+ Stlth-
                  | Air}
 59086 | Elf:3    | Identified the staff of Vinoeref {rC+ Int-4 Dex+3 Conj}
 59132 | Elf:3    | Identified the +0 chain mail of Untruth {rCorr Int+2 Dex+3}
 59599 | Elf:3    | Reached skill level 27 in Axes
 59612 | Elf:3    | Killed Cuucabuana's ghost
 59621 | Elf:3    | Identified the ring "Gomuck" {Will+ Dex+6}
 59929 | Depths:1 | Entered Level 1 of the Depths
 59956 | Depths:1 | Noticed Sojobo
 60324 | Depths:1 | Killed Sojobo
 60853 | Depths:1 | Identified the amulet "Kemappid" {Spirit +Blink rC+ rN+
                  | SInv}
 61014 | Depths:1 | Found a stormy altar of Qazlal.
 61100 | Depths:1 | Reached XP level 25. HP: 238/251 MP: 23/23
 61219 | Depths:1 | Identified the +1 pair of gloves of Chimes {rN+ Int+3}
 61296 | Depths:1 | Found Luaragruro's Antique Weapon Shoppe.
 61379 | Depths:1 | Found a corrupted altar of Lugonu.
 61380 | Depths:1 | Found a one-way gate to the infinite horrors of the Abyss.
 61879 | Depths:2 | Found Ymusot's Book Shoppe.
 61994 | Depths:2 | Found a one-way gate leading to the halls of Pandemonium.
 62297 | Depths:2 | Identified the +9 longbow "Uxonynol" {freeze, Int+3}
 62685 | Depths:3 | Found Zynaj's Distillery.
 62693 | Depths:3 | Bought a potion of haste for 150 gold pieces
 62693 | Depths:3 | Bought a potion of might for 60 gold pieces
 62693 | Depths:3 | Bought a potion of curing for 45 gold pieces
 62693 | Depths:3 | Bought a potion of heal wounds for 75 gold pieces
 62693 | Depths:3 | Bought 2 potions of haste for 300 gold pieces
 62693 | Depths:3 | Bought a potion of curing for 45 gold pieces
 62693 | Depths:3 | Bought a potion of ambrosia for 120 gold pieces
 62693 | Depths:3 | Bought a potion of mutation for 120 gold pieces
 62753 | Depths:3 | Found a one-way gateway to a ziggurat.
 63345 | Depths:3 | Identified the ring "Puth" {Ice rPois Will+}
 63831 | Depths:4 | Entered Level 4 of the Depths
 63927 | Depths:4 | Noticed Boris
 63948 | Depths:4 | Killed Boris
 64549 | Depths:4 | Noticed Xtahua
 64556 | Depths:4 | Killed Xtahua
 64565 | Depths:4 | Found a gate to the Realm of Zot.
 64576 | Depths:4 | Reached skill level 27 in Fighting
 64694 | Depths:4 | Reached XP level 26. HP: 266/266 MP: 23/23
 64735 | Depths:4 | Noticed the Enchantress
 64749 | Depths:4 | Killed the Enchantress
 65468 | Hell     | Entered the Vestibule of Hell
 65468 | Hell     | Noticed Geryon
 65545 | Hell     | Killed Geryon
 65610 | Hell     | Found a gateway to the Iron City of Dis.
 65977 | Hell     | Found a gateway to the ashen valley of Gehenna.
 66102 | Hell     | Found a gateway to the decaying netherworld of Tartarus.
 66172 | Hell     | Found a gateway to the freezing wastes of Cocytus.
 66550 | Depths:3 | Voluntarily entered the Abyss.
 66605 | Abyss:1  | Found a corrupted altar of Lugonu.
 66620 | Abyss:1  | Found a corrupted altar of Lugonu.
 66740 | Abyss:1  | Found a corrupted altar of Lugonu.
 67155 | Abyss:1  | Gained mutation: Your spells are a little easier to cast,
                  | but a little less powerful. [a neqoxec]
 67397 | Abyss:1  | Found a corrupted altar of Lugonu.
 67400 | Abyss:1  | Found a corrupted altar of Lugonu.
 67400 | Abyss:1  | Found a corrupted altar of Lugonu.
 67400 | Abyss:1  | Found a corrupted altar of Lugonu.
 67400 | Abyss:1  | Found a corrupted altar of Lugonu.
 67400 | Abyss:1  | Found a corrupted altar of Lugonu.
 67434 | Abyss:1  | Found a corrupted altar of Lugonu.
 67438 | Abyss:1  | Found a corrupted altar of Lugonu.
 67455 | Abyss:1  | Found a corrupted altar of Lugonu.
 68041 | Abyss:1  | Gained mutation: You are dopey. (Int -2) [a neqoxec]
 68236 | Abyss:1  | Found a corrupted altar of Lugonu.
 68286 | Abyss:1  | Found a corrupted altar of Lugonu.
 68294 | Abyss:1  | Found a corrupted altar of Lugonu.
 68443 | Abyss:1  | Found a corrupted altar of Lugonu.
 68516 | Depths:3 | Escaped the Abyss
 68826 | Depths:3 | Bought a potion of curing for 57 gold pieces
 68826 | Depths:3 | Bought a potion of haste for 190 gold pieces
 68826 | Depths:3 | Bought a potion of curing for 57 gold pieces
 68826 | Depths:3 | Bought 2 potions of curing for 114 gold pieces
 68828 | Depths:3 | Voluntarily entered the Abyss.
 69008 | Abyss:1  | Noticed an ancient lich
 69015 | Abyss:1  | Killed an ancient lich
 69016 | Abyss:1  | Reached XP level 27. HP: 262/273 MP: 22/23
 69315 | Abyss:1  | Reached skill level 27 in Armour
 69315 | Abyss:1  | Reached skill level 27 in Shields
 69427 | Depths:3 | Escaped the Abyss
 69730 | Depths:3 | Upgraded the game from 0.31-a0-983-g7b6862f502 to
                  | 0.31-a0-986-g5e6e4ef867
 69791 | Zot:1    | Entered Level 1 of the Realm of Zot
 69868 | Zot:1    | Found the +4 dragonskin cloak
 69868 | Zot:1    | Noticed Tiamat
 70157 | Depths:4 | Reached skill level 1 in Stealth
 70168 | Zot:1    | Reached skill level 1 in Dodging
 70195 | Zot:1    | Killed Tiamat
 70391 | Zot:1    | Found a transporter.
 70528 | Zot:1    | Noticed an orb of fire
 70536 | Zot:1    | Gained mutation: Your body sometimes deteriorates upon
                  | taking damage. [an orb of fire]
 70540 | Zot:1    | Killed an orb of fire
 70634 | Zot:1    | Found a transporter.
 70838 | Zot:1    | Noticed an orb of fire
 70851 | Zot:1    | Killed an orb of fire
 71592 | Zot:1    | Noticed an ancient lich
 71598 | Zot:1    | Noticed an orb of fire
 71618 | Zot:1    | Gained mutation: You are frail. (-10% HP) [an orb of fire]
 71627 | Zot:1    | Killed an orb of fire
 71632 | Zot:1    | Lost mutation: Your spells are a little easier to cast, but
                  | a little less powerful. [a cacodemon]
 71636 | Zot:1    | Killed an ancient lich
 71644 | Zot:1    | Reached skill level 5 in Stealth
 71657 | Zot:1    | Reached skill level 5 in Dodging
 71729 | Zot:1    | Identified the +1 short sword of the Imperium {spect,
                  | Str+5}
 71734 | Zot:1    | Identified the ring "Vaev" {Will+ Dex+5 SInv}
 71956 | Zot:1    | Identified the ring "Posh" {Fire MP+9}
 72136 | Zot:2    | Found a corrupted altar of Lugonu.
 73366 | Zot:3    | Identified the of Ypiwox
 73366 | Zot:3    | Identified the "Tuulubb"
 73583 | Zot:3    | Identified the +4 pair of boots "Pomeukud" {Int+4}
 74205 | Zot:3    | Reached skill level 10 in Evocations
 74377 | Zot:3    | You fall into a shaft and drop 1 floor!
 75395 | Zot:3    | Noticed an orb of fire
 75395 | Zot:3    | Noticed an ancient lich
 75395 | Zot:3    | Found a stormy altar of Qazlal.
 75401 | Zot:4    | Killed an orb of fire
 75411 | Zot:3    | Killed an ancient lich
 76178 | Zot:5    | Identified the of Nuxzelou
 76178 | Zot:5    | Entered Level 5 of the Realm of Zot
 76586 | Zot:5    | Noticed an ancient lich
 76592 | Zot:5    | Noticed an orb of fire
 76601 | Zot:5    | Noticed an orb of fire
 76601 | Zot:5    | Killed an ancient lich
 76605 | Zot:5    | Noticed an orb of fire
 76618 | Zot:5    | Gained mutation: You are very dopey. (Int -4) [an orb of
                  | fire]
 76619 | Zot:5    | Gained mutation: You are weak. (Str -2) [an orb of fire]
 76624 | Zot:5    | Gained mutation: You are very frail. (-20% HP) [an orb of
                  | fire]
 76626 | Zot:5    | Killed an orb of fire
 76629 | Zot:5    | Gained mutation: You occasionally lose the ability to drink
                  | potions when taking damage. [an orb of fire]
 76635 | Zot:5    | Gained mutation: Your body often deteriorates upon taking
                  | damage. [an orb of fire]
 76640 | Zot:5    | Gained mutation: You occasionally lose the ability to read
                  | scrolls when taking damage. [an orb of fire]
 76641 | Zot:5    | Killed an orb of fire
 76642 | Zot:5    | Reached skill level 10 in Stealth
 76656 | Zot:5    | Gained mutation: You are vulnerable to heat. (rF-) [an orb
                  | of fire]
 76657 | Zot:5    | Killed an orb of fire
 76689 | Zot:5    | Noticed a dread lich
 77286 | Zot:5    | Killed a dread lich
 77392 | Zot:5    | Found Jutiuc's Changing Room.
 77673 | Zot:5    | Noticed an orb of fire
 77675 | Zot:5    | Noticed an orb of fire
 77675 | Zot:5    | Noticed an orb of fire
 77676 | Zot:5    | Noticed an orb of fire
 77683 | Zot:5    | Killed an orb of fire
 77684 | Zot:5    | Reached skill level 10 in Dodging
 77684 | Zot:5    | Noticed a dread lich
 77685 | Zot:5    | Gained mutation: You sometimes lose the ability to read
                  | scrolls when taking damage. [an orb of fire]
 77689 | Zot:5    | Killed an orb of fire
 77698 | Zot:5    | Killed an orb of fire
 77706 | Zot:5    | Killed an orb of fire
 77707 | Zot:5    | Killed a dread lich
 78965 | Orc:2    | Bought a potion of curing for 75 gold pieces
 78965 | Orc:2    | Bought a potion of heal wounds for 125 gold pieces
 78977 | Orc:2    | Bought a potion of curing for 42 gold pieces
 78977 | Orc:2    | Bought a potion of curing for 42 gold pieces
 78977 | Orc:2    | Bought a potion of haste for 140 gold pieces
 78977 | Orc:2    | Bought a potion of mutation for 112 gold pieces
 78977 | Orc:2    | Bought a potion of invisibility for 112 gold pieces
 79208 | Vaults:5 | Bought a wand of mindburst (5) for 294 gold pieces
 79208 | Vaults:5 | Bought a potion of mutation for 336 gold pieces
 79208 | Vaults:5 | Bought a wand of paralysis (3) for 302 gold pieces
 79208 | Vaults:5 | Bought a potion of curing for 126 gold pieces
 79555 | Spider:4 | Bought a wand of digging (6) for 529 gold pieces
 80210 | Temple   | Fell from the grace of Gozag
 80210 | Temple   | Became a worshipper of Zin the Law-Giver
 80210 | Temple   | Reached * piety under Zin
 80210 | Temple   | Reached ** piety under Zin
 80440 | Crypt:1  | Entered Level 1 of the Crypt
 80637 | Crypt:1  | Identified the +1 arbalest "Uceoc" {flame, Dex+4}
 80655 | Crypt:1  | Reached *** piety under Zin
 80924 | Crypt:1  | Reached **** piety under Zin
 81168 | Crypt:1  | Identified the +5 chain mail of the Wary Quests {rElec rF+}
 81601 | Crypt:2  | Reached ***** piety under Zin
 81982 | Crypt:2  | Identified the +0 war axe of the Sage {heavy, rElec}
 82655 | Crypt:3  | Entered Level 3 of the Crypt
 83117 | Crypt:3  | Reached skill level 15 in Evocations
 83118 | Crypt:3  | Reached ****** piety under Zin
 83335 | Crypt:3  | Lost mutation: You are vulnerable to heat. (rF-) [potion of
                  | mutation]
 83335 | Crypt:3  | Lost mutation: You are very frail. (-20% HP) [potion of
                  | mutation]
 83335 | Crypt:3  | Lost mutation: You sometimes lose the ability to read
                  | scrolls when taking damage. [potion of mutation]
 83338 | Crypt:3  | Lost mutation: You are very dopey. (Int -4) [potion of
                  | mutation]
 83338 | Crypt:3  | Lost mutation: You are vulnerable to cold. (rC-) [potion of
                  | mutation]
 83338 | Crypt:3  | Lost mutation: You are dopey. (Int -2) [potion of mutation]
 83340 | Crypt:3  | Lost mutation: You occasionally lose the ability to read
                  | scrolls when taking damage. [potion of mutation]
 83340 | Crypt:3  | Lost mutation: Armour fits poorly on your strangely shaped
                  | body. [potion of mutation]
 83340 | Crypt:3  | Lost mutation: You occasionally lose the ability to drink
                  | potions when taking damage. [potion of mutation]
 83341 | Crypt:3  | Lost mutation: You are weak. (Str -2) [potion of mutation]
 83341 | Crypt:3  | Lost mutation: Your body often deteriorates upon taking
                  | damage. [potion of mutation]
 83341 | Crypt:3  | Lost mutation: Your body sometimes deteriorates upon taking
                  | damage. [potion of mutation]
 83342 | Crypt:3  | Lost mutation: You are frail. (-10% HP) [potion of
                  | mutation]
 83431 | Crypt:3  | Found a staircase to the Tomb.
 83491 | Crypt:3  | Found a basalt altar of Yredelemnul.
 83491 | Crypt:3  | Noticed a dread lich
 83495 | Crypt:3  | Killed a dread lich
 83534 | Crypt:3  | Found the +13 scythe of Curses {drain, curses, Drain}
 83540 | Crypt:3  | Identified the +3 eveningstar of Peis {venom, rElec Str+2
                  | Int-4 Dex+2}
 84594 | D:7      | Fell from the grace of Zin
 84594 | D:7      | Became a worshipper of the Shining One
 84594 | D:7      | Reached * piety under the Shining One
 84594 | D:7      | Reached ** piety under the Shining One
 84594 | D:7      | Reached *** piety under the Shining One
 84789 | Slime:1  | Entered Level 1 of the Pits of Slime
 84843 | Slime:1  | Reached **** piety under the Shining One
 84865 | Slime:1  | Gained mutation: You occasionally lose the ability to read
                  | scrolls when taking damage. [a shining eye]
 85697 | Slime:2  | HP: 4/273 [large slime creature (54)]
 85700 | Slime:2  | Annihilated by a very large slime creature

Illustrated notes

Levels and vault maps discovered:
D:1:      saegor_arrival_miasma, layout_loops_ring
D:2:      minmay_diamond_boxcup, layout_loops_corners,
          ebering_ecumenical_altar_petrified, kennysheep_small_spiral,
          nicolae_houndstooth_variations
D:3:      layout_loops_cross, grunt_temple_overflow_champion_of_chaos,
          nemelex_diamond_rough_becter, hangedman_abyss_or_decor_lesser_grid,
          uniq_natasha
D:4:      layout_basic, enter_ossuary_1
D:5:      layout_cave_pools, amethyst_overflow_temple_binary, serial_shops,
          shop, kennysheep_boxes
D:6:      layout_loops_ring, lemuel_coloured_pillars_altar,
          minmay_temple_entry_overgrown
D:7:      layout_gridville, gammafunk_temple_overflow_statue
D:8:      layout_cave_pods, uniq_grum
D:9:      layout_loops_ring, enter_bailey_4
D:10:     layout_rooms, mainiacjoe_overflow_cross_hatched,
          hellmonk_lair_entry_icy, grunt_ministairs_5, minivault_11
D:11:     lemuel_bear_cage, layout_cave_pools, zombieorc2_lemuel,
          minmay_strange_pillars, wad_floor_pattern_untrapped,
          kennysheep_cluttered_room, hangedman_decor_slide_cut
D:12:     layout_rooms, portal_ice_cave_entry_ice_simulacra, uniq_lodul
D:13:     layout_loops_cross, kennysheep_nondescript
D:14:     layout_rooms, david_vaults_1, gauntlet_entry_generic,
          nicolae_uskayaw_murder_on_the_dancefloor
D:15:     grunt_enter_depths_snipers, layout_irregular_city,
          grunt_decor_fettered, serial_shops, shop,
          minmay_checkered_concentric_circles
Temple:   hellmonk_temple_forest_ring
Lair:1:   layout_loops_ring, beast_lair_carwin_8
Lair:2:   layout_regular_city, shoals_dummy_entry, st_stairs_12,
          kennysheep_rathole
Lair:3:   cheibrodos_lair_river_kwai, layout_regular_city,
          spider_nest_entry_webs, grunt_megastairs_1
Lair:4:   layout_regular_city, nicolae_quartered_pool_impasse
Lair:5:   evil_forest, layout_big_grid, slime_entry_1,
          chequers_serial_rivers_room_b, dreamdust_deal_with_the_devil,
          dreamdust_mushroom_princess, lemuel_fruit_fields,
          serial_bayou_shore_b, infiniplex_staircase_pool_2
Shoals:1: layout_shoals, hangedman_shoals_cup_caves
Shoals:2: layout_shoals, nicolae_shoals_the_drawing_of_the_three, uniq_kirke
Shoals:3: layout_shoals
Shoals:4: shoals_end_grunt_ice, layout_shoals, uniq_louise
Spider:1: layout_cave_pods, nicolae_spider_baby_got_redback
Spider:2: gammafunk_boulding_lane
Spider:3: layout_spider_delve, uniq_donald
Spider:4: floodkiller_spider_rune_tomb, ebering_ghost_inner_flame,
          nicolae_spider_not_touching_you
Slime:1:  layout_caves, nicolae_slime_barrier
Slime:2:  layout_caves, cheibrodos_slime_lost_civilization_6
Slime:3:  layout_caves
Orc:1:    layout_caves, basic_altar, bh_open_orc_temple
Orc:2:    st_orc_elflike, layout_caves, minmay_orc_temple_c, uniq_urug
Elf:1:    eino_elf_arrival_sip, layout_onion_city, serial_shops, shop,
          minmay_elf_demonology, st_stairs_8, minmay_misc_feat_ornament,
          uniq_frances, uniq_roxanne
Elf:2:    elven_hall_of_blades_hangedman_original
          [infiniplex_blade_entry_pillars], layout_geoelf_octagon
Elf:3:    elf_hall, layout_geoelf_octagon, gammafunk_ghost_berserking_beasts
Vaults:1: nicolae_vaults_closet_pinwheel_5, nicolae_vaults_what_the_h,
          nicolae_vaults_house_1, nicolae_vaults_trapezoid_lopsided_3,
          v_misc_27, ontoclasm_vaults_ring_large, hangedman_vaults_trim,
          vaults_room_grunt_arrival_ludios, nicolae_vaults_stepped_doors,
          nicolae_vaults_house_1, layout_vaults_big_room
Vaults:2: vaults_dpeg_doors, nicolae_vaults_alarming,
          ontoclasm_vaults_claustrophobia, nicolae_vaults_big_angled_halls,
          vaults_room_fancy_cross, nicolae_vaults_house_2,
          nicolae_vaults_closet_pinwheel_5, nicolae_vaults_tetromino_Z_1,
          layout_vaults_maze_bifur, uniq_asterion, uniq_nikola, uniq_jory
Vaults:3: minmay_crypt_entry_vampire_xt, v_misc_33, hangedman_vaults_snaps,
          v_pattern_5, v_alt_pattern_4, vaults_mumra_hex,
          nicolae_vaults_sightless_eye, vaults_dpeg_diagonal,
          layout_vaults_omnigrid, uniq_norris, uniq_frederick
Vaults:4: hangedman_vaults_hard_town_square, nicolae_vaults_big_angled_halls,
          v_misc_8, nicolae_vaults_triangles, nicolae_vaults_tangram_2,
          nicolae_vaults_taking_the_gang_shopping, hangedman_vaults_impose,
          hangedman_vaults_unwind, nicolae_vaults_border_crossing,
          nicolae_vaults_tangram_2, nicolae_vaults_variable_pillar_hall,
          nicolae_vaults_little_squares_6, nicolae_vaults_closet_pinwheel_4,
          vaults_standard_mumra_x, nicolae_vaults_tetromino_Z_1,
          nicolae_vaults_trapezoid_lopsided_4, layout_vaults_omnicross,
          uniq_zenata
Vaults:5
Crypt:1:  layout_regular_city
Crypt:2:  layout_gridlike, corner_web_ring, st_stairs_1, grunt_megastairs_2
Crypt:3:  cryptofortress_bobbens
Depths:1: layout_cave_pools, serial_shops, shop_statue,
          nicolae_qazlal_style_of_elements, hellmouth_2,
          amcnicky_altar_lugonu_corruption, uniq_sojobo
Depths:2: nicolae_cairo_tiling_large_dashed, layout_gridlike, pan_entry,
          abyss_entry, hell_entry, minmay_misc_feat_five, serial_shops,
          nicolae_shop_pleasant_corner_grove
Depths:3: kennysheep_windowed_halls, layout_cave_pools, enter_ziggurat_d,
          serial_shops, shop, rand_demon_pan_entry_1,
          nicolae_abyss_entry_one_way_or_another,
          hangedman_decor_diamond_cutter, hell_entry, serial_bayou_shore_a,
          infiniplex_staircase_spiral
Depths:4: evilmike_zot_entry_argh, layout_twisted_cross,
          grunt_hell_entry_dis_grunt, chequers_serial_rivers_large_b,
          minmay_misc_feat_pillars, uniq_xtahua, uniq_boris, uniq_enchantress
Hell
Zot:1:    gammafunk_dig_for_victory, layout_cathedral_of_symmetry,
          regret_index_zotdec_zees, uniq_tiamat
Zot:2:    layout_basic, regret_index_zotdec_abyssal_contain_seething_sorcery,
          zot_minivault_1
Zot:3:    regret_index_qazlal_generations, layout_onion_interference,
          regret_index_zotdec_dark_gr, regret_index_zotdec_serpentine_scales,
          skrybe_zot_glass_1
Zot:4:    layout_gridlike
Zot:5:    layout_gridlike, nicolae_transmutations_shop, grunt_ministairs_6,
          hangedman_zot_decor_scrapings

Skill      XL: |  1  2  3  4  5  6  7  8  9 10 11 12 13 14 15 16 17 18 19 20 21 22 23 24 25 26 27 |
---------------+----------------------------------------------------------------------------------+-----
Axes           | 3 4 5 6 7 9 11 12 14 15 17 18 19 21 22 23 24 25 26 27 | 27.0
Fighting       | 4 5 6 7 9 10 11 13 14 15 16 17 18 19 20 21 22 23 24 25 27 | 27.0
Shields        | 4 5 7 8 9 11 12 13 14 15 17 18 19 20 21 22 23 25 26 27 | 27.0
Armour         | 4 5 6 8 9 10 12 13 14 15 17 18 19 20 21 22 23 25 26 27 | 27.0
Evocations     | 5 15 | 15.7
Stealth        | 13 | 13.6
Dodging        | 12 | 12.7

Action                     |  1- 3 |  4- 6 |  7- 9 | 10-12 | 13-15 | 16-18 | 19-21 | 22-24 | 25-27 || total
---------------------------+-------+-------+-------+-------+-------+-------+-------+-------+-------++-------
  Melee: War axe           |   137 |    81 |       |       |       |       |       |       |       ||   218
         Hand axe          |       |    61 |   314 |       |    68 |     5 |       |       |       ||   448
         Broad axe         |       |       |       |   398 |   609 |   941 |  1241 |   838 |  2102 ||  6129
 Invoke: Call Merchant     |       |       |       |     1 |     1 |     3 |     2 |     3 |     3 ||    13
         Potion Petition   |       |       |       |       |     2 |       |       |       |       ||     2
  Evoke: Wand              |       |       |       |       |       |     9 |       |       |    14 ||    23
         Phantom mirror    |       |       |       |       |       |     1 |     1 |     1 |       ||     3
         Condenser vane    |       |       |       |       |       |       |       |     2 |     1 ||     3
         Box of beasts     |       |       |       |       |       |       |       |     1 |     2 ||     3
         Phial of floods   |       |       |       |       |       |       |       |     1 |       ||     1
         Horn of Geryon    |       |       |       |       |       |       |       |       |     1 ||     1
    Use: Scroll            |     3 |     6 |     9 |    15 |     8 |     6 |     5 |    13 |     6 ||    71
         Potion            |       |     1 |       |     2 |     3 |     6 |       |     4 |    12 ||    28
   Stab: Distracted        |       |       |       |     4 |     6 |     5 |    16 |    41 |   100 ||   172
         Petrified         |       |       |       |       |     2 |       |       |       |       ||     2
 Armour: Scale mail        |    62 |       |       |       |       |       |       |       |       ||    62
         Chain mail        |    23 |   129 |   268 |    74 |       |       |       |       |       ||   494
         Plate armour      |       |       |       |   264 |       |       |       |       |       ||   264
         Gold dragon scale |       |       |       |   135 |   606 |   623 |   543 |   381 |   825 ||  3113
  Dodge: Dodged            |    54 |    76 |   116 |   119 |   242 |   268 |   142 |   133 |   346 ||  1496
  Block: Buckler           |    29 |    34 |    71 |   298 |   429 |   324 |       |       |       ||  1185
         Reflection        |       |       |       |    12 |    16 |    55 |    35 |    80 |    19 ||   217
         Tower shield      |       |       |       |       |       |   346 |   351 |       |       ||   697
         Kite shield       |       |       |       |       |       |       |   485 |   533 |  1274 ||  2292
Riposte: Broad axe         |       |       |       |       |       |    33 |   313 |   138 |   476 ||   960

Table legend: (Time is in decaauts)
 A = Elapsed time spent in this place.
 B = Non-inter-level travel time spent in this place.
 C = Inter-level travel time spent in this place.
 D = Time resting spent in this place.
 E = Time spent auto-exploring this place.
 F = Levels seen in this place.
 G = Mean time per level.
                   A        B        C        D        E       F      G
               +--------+--------+--------+--------+--------+-----+--------+
         Total |  85779 |  76813 |   8966 |  14913 |  44004 |  61 | 1406.2 |
       Dungeon |  20446 |  17150 |   3296 |   3762 |  10195 |  15 | 1363.1 |
        Temple |     68 |      3 |     65 |      0 |      0 |   1 |   68.0 |
          Lair |   6929 |   5605 |   1324 |    487 |   4180 |   5 | 1385.8 |
        Shoals |   5429 |   5154 |    275 |    570 |   3521 |   4 | 1357.2 |
   Spider Nest |   5648 |   5026 |    622 |    484 |   3387 |   4 | 1412.0 |
    Slime Pits |    913 |    888 |     25 |      0 |    550 |   3 |  304.3 |
  Orcish Mines |   3764 |   3207 |    557 |   1488 |   1078 |   2 | 1882.0 |
   Elven Halls |   5136 |   4810 |    326 |    788 |   2900 |   3 | 1712.0 |
        Vaults |  11476 |  10107 |   1369 |   2847 |   5324 |   5 | 2295.2 |
         Crypt |   3953 |   3770 |    183 |    422 |   2492 |   3 | 1317.7 |
        Depths |   6514 |   6083 |    431 |   1537 |   2881 |   4 | 1628.5 |
          Hell |    920 |    913 |      7 |      0 |    540 |   1 |  920.0 |
           Zot |   8635 |   8154 |    481 |   1211 |   4905 |   5 | 1727.0 |
         Abyss |   2571 |   2571 |      0 |     39 |    858 |   2 | 1285.5 |
       Ossuary |    667 |    667 |      0 |    389 |    153 |   1 |  667.0 |
        Bailey |    620 |    620 |      0 |      0 |    430 |   1 |  620.0 |
      Ice Cave |   1576 |   1576 |      0 |    887 |    348 |   1 | 1576.0 |
      Gauntlet |    507 |    507 |      0 |      0 |    261 |   1 |  507.0 |
               +--------+--------+--------+--------+--------+-----+--------+

Top non-repeatable levels by time:
Vaults:4: 3970 daAuts
     D:7: 3267 daAuts
 Abyss:1: 2571 daAuts
Vaults:5: 2537 daAuts
    D:11: 2208 daAuts
Depths:4: 2206 daAuts
Spider:4: 2202 daAuts
   Orc:1: 2185 daAuts
Depths:3: 2175 daAuts
   Elf:2: 2076 daAuts
Vaults:3: 2021 daAuts
   Zot:1: 1975 daAuts
   Zot:3: 1904 daAuts
  Lair:5: 1826 daAuts
Shoals:4: 1823 daAuts
